 Dungeon Sprint DCSS version 0.30.1-11-g7821555f0a (webtiles) character file.

Game seed: 12731457950077165844

40 Heoruswealwe the Poker (level 3, -1/36 HPs)
             Began as a Minotaur Fighter on Dec 6, 2023.
             Slain by an ogre
             ... wielding a +0 giant club
              (8 damage)
             ... in the Dungeon (Sprint IX: "|||||||||||||||||||||||||||||").
             The game lasted 00:00:38 (44 turns).

Heoruswealwe the Poker (Minotaur Fighter)             Turns: 44, Time: 00:00:38

Health: -1/36      AC:  7    Str: 22    XL:     3   Next: 30%
Magic:  2/2        EV:  9    Int:  5    God:
Gold:   0          SH:  4    Dex:  9    Spells: 2/2 levels left

rFire   . . .        a - +0 trident
rCold   . . .        d - +0 buckler
rNeg    . . .        c - +0 scale mail
rPois   .            (helmet restricted)
rElec   .            (no cloak)
rCorr   .            (no gloves)
SInv    .            (no boots)
Will    .....        (no amulet) Stlth
                     (no ring)
HPRegen 0.26/turn    (no ring)
MPRegen 0.08/turn

%: no teleportation
@: no status effects
A: horns 2, retaliatory headbutt
a: no special abilities


You were in the Dungeon.
You visited 1 branch

Inventory:

Hand Weapons
 a - a +0 trident (weapon)
Armour
 c - a +0 scale mail (worn)
 d - a +0 buckler (worn)
Scrolls
 j - a scroll of blinking
Potions
 b - a potion of might
 e - a potion of curing
 g - a potion of haste
 i - a potion of berserk rage


   Skills:
 + Level 5.3 Fighting
 * Level 6.1 Polearms
 + Level 5.3 Armour
 - Level 3.6 Shields


You had 2 spell levels left.
You didn't know any spells.
Your spell library was empty.

Dungeon Overview and Level Annotations

Branches:
Dungeon (1/1)

Altars:


Innate Abilities, Weirdness & Mutations

You have a pair of horns on your head.
You reflexively headbutt those who attack you in melee.


Message History

You hit the iguana but do no damage. Your headbutt misses the iguana.
You block the iguana's attack.
You puncture the iguana! You headbutt the iguana.
The iguana is severely wounded.
The iguana bites you!
You hit the iguana but do no damage. Your headbutt misses the iguana.
The iguana is severely wounded.
The iguana completely misses you. You furiously retaliate!
You headbutt the iguana, but do no damage.
You barely miss the iguana.
The iguana is severely wounded.
The iguana barely misses you.
You closely miss the iguana. You headbutt the iguana.
You kill the iguana!
Your Fighting skill increases to level 5!
Your Polearms skill gained 2 levels and is now at level 6!
Your Armour skill increases to level 5!
You have reached level 3!
Your experience leads to an increase in your attributes!
Increase (S)trength, (I)ntelligence, or (D)exterity?
You feel stronger. x2
You hit the ogre.
The ogre is moderately wounded.
You block the ogre's attack.
You hit the ogre.
The ogre is moderately wounded.
The ogre hits you with a +0 giant club!!
Ouch! That really hurt!
* * * LOW HITPOINT WARNING * * *
You feel much better. The ogre closely misses you.
You puncture the ogre!
The ogre is heavily wounded.
You barely miss the ogre.
The ogre is heavily wounded.
The ogre hits you with a +0 giant club!
* * * LOW HITPOINT WARNING * * *
You puncture the ogre!
The ogre is almost dead.
The ogre hits you with a +0 giant club!
You die... ▓▓▓▓▓▓▓▓▓▓▓▓▓▓▓▓▓▓ ▓<.!.'††..@OsO...+ ▓▓▓▓▓▓▓▓▓▓▓▓▓▓▓▓▓▓

You could see 2 ogres and a scorpion.

Vanquished Creatures
  An iguana (D)
  A shadow imp (D)
  2 dart slugs (D)
  An endoplasm (D)
  A bat (D)
  A rat (D)
7 creatures vanquished.

Notes
Turn   | Place    | Note
-------+----------+-------------------------------------------
     0 | D        | Heoruswealwe the Minotaur Fighter began the quest for the
                  | Orb.
     0 | D        | Reached XP level 1. HP: 19/19 MP: 0/0
     8 | D        | Reached skill level 3 in Polearms
    15 | D        | Reached skill level 4 in Polearms
    21 | D        | Reached XP level 2. HP: 26/28 MP: 1/1
    27 | D        | Noticed an ogre
    27 | D        | Noticed a scorpion
    27 | D        | Noticed an ogre
    39 | D        | Reached skill level 5 in Fighting
    39 | D        | Reached skill level 6 in Polearms
    39 | D        | Reached skill level 5 in Armour
    39 | D        | Reached XP level 3. HP: 24/36 MP: 2/2
    44 | D        | Slain by an ogre

Illustrated notes

Levels and vault maps discovered:
D:        linesprint [early_d, line_temple, items_1, d_10, items_2, lair_1,
          lair_end, items_3, orc_1, orc_end, items_4, d_15, swamp_1, shoals_1,
          snake_1, spider_1, d_20, vaults_1, items_5, swamp_end, shoals_end,
          snake_end, spider_end, vaults_end, d_27, items_6, zot_1, zot_end,
          crypt_end, forest_end, elf_end, slime_end, tomb_end, abyss_end,
          pan_hell_end]

Skill      XL: |  1  2 |
---------------+-------+-----
Fighting       | 4 5 |  5.3
Polearms       | 4 6 |  6.1
Armour         | 4 5 |  5.3
Shields        | |  3.6

Action                     || total
---------------------------++-------
  Melee: Trident           ||    27
         Headbutt          ||     7
    Use: Potion            ||     1
 Armour: Scale mail        ||    14
  Dodge: Dodged            ||     6
  Block: Buckler           ||     4
